Map: Catalyst LE

Players

puCK (Nina)

  • Race: Protoss Protoss
  • Spawn Location: 5:00

Krr - Winner!

  • Race: Protoss Protoss
  • Spawn Location: 11:00

Event: IEM Season 12 - Katowice

VOD

Have the link to the VOD?

Description

Time

  • Played on: Feb. 26, 2018, 6:01 a.m.
  • Length: 8:39

All games in this series

Show
View Real Time Build Order
Export as new Build Order

puCK Protoss 

Build Orders: Phoenix Opening, Archon Immortal, Zealot Archon 

Get SALT Encoding   

  12  0:00  Probe  
  13  0:13  Probe  
  14  0:17  Pylon  
  14  0:25  Probe (Chrono Boost)  
  16  0:37  Probe (Chrono Boost)  
  16  0:39  Gateway  
  16  0:42  Probe (Chrono Boost)  
  16  0:46  Assimilator  
  17  0:51  Probe (Chrono Boost)  
  17  0:55  Assimilator  
  18  1:04  Probe (Chrono Boost)  
  20  1:11  Probe (Chrono Boost)  
  20  1:17  Gateway  
  20  1:18  Probe  
  21  1:26  Cybernetics Core  
  21  1:30  Probe  
  22  1:36  Pylon  
  22  1:42  Probe  
  23  1:54  Probe  
  23  1:58  Warp Gate (Chrono Boost)  
  24  2:04  Sentry, Stalker  
  28  2:15  Pylon  
  28  2:28  Probe  
  29  2:31  Sentry  
  29  2:34  Stalker  
  33  2:46  Robotics Facility  
  33  3:03  Sentry  
  33  3:04  Nexus  
  35  3:11  Probe  
  35  3:12  Phoenix, Stalker  
  38  3:19  Pylon  
  38  3:25  Probe  
  39  3:29  Shield Battery  
  39  3:37  Probe  
  39  3:40  Observer  
  41  3:44  Shield Battery  
  41  3:50  Probe  
  43  4:02  Probe  
  43  4:06  Warp Prism (Chrono Boost)  
  45  4:10  Sentry  
  45  4:15  Probe  
  45  4:16  Sentry  
  50  4:18  Probe  
  51  4:27  Probe  
  51  4:30  Probe  
  53  4:35  Stalker  
  55  4:39  Probe, Stalker  
  55  4:42  Probe  
  59  4:51  Twilight Council  
  59  4:52  Probe  
  60  4:54  Probe  
  60  4:58  Pylon  
  60  5:04  Probe  
  60  5:06  Probe  
  62  5:10  Assimilator  
  62  5:11  Assimilator  
  62  5:16  Probe  
  62  5:18  Probe, Phoenix  
  64  5:27  Charge (Chrono Boost)  
  64  5:29  Probe  
  64  5:30  Immortal  
  64  5:32  Probe  
  70  5:40  Pylon  
  70  5:42  Forge  
  70  5:47  Gateway  
  70  5:48  Gateway  
  70  5:53  Pylon  
  70  5:58  Probe x2  
  70  6:00  Gateway  
  70  6:03  Gateway  
  72  6:09  Immortal (Chrono Boost)  
  77  6:11  Protoss Ground Weapons Level 1 (Chrono Boost)  
  77  6:14  Templar Archives  
  77  6:19  Phoenix  
  76  6:26  Pylon  
  76  6:28  Gateway  
  76  6:36  Zealot x2  
  80  6:42  Observer (Chrono Boost)  
  80  6:44  Pylon  
  81  6:52  High Templar x2  
  85  6:56  Archon  
  85  7:00  Zealot x2, Immortal  
  93  7:04  Zealot  
  93  7:05  Zealot  
  93  7:07  Pylon  
  90  7:22  Zealot x2  
  90  7:26  High Templar  
  90  7:27  High Templar  
  90  7:29  Zealot x2  
  98  7:34  Archon  
  88  7:39  Immortal  
  74  7:46  Zealot x2  
  72  7:52  Zealot x2  
  74  7:59  Zealot  
  74  8:03  Zealot  
  76  8:09  Zealot x4  
  80  8:16  Pylon  
  80  8:17  Pylon  
  80  8:18  Zealot  
  75  8:30  Zealot x2  
Show
View Real Time Build Order
Export as new Build Order

Krr Protoss - Winner!

Build Orders:  

Get SALT Encoding   

  12  0:00  Probe  
  13  0:12  Probe  
  14  0:17  Pylon  
  14  0:24  Probe (Chrono Boost)  
  16  0:36  Probe (Chrono Boost)  
  16  0:40  Gateway  
  16  0:43  Probe (Chrono Boost)  
  16  0:46  Assimilator  
  17  0:51  Probe (Chrono Boost)  
  17  0:54  Assimilator  
  18  1:03  Probe (Chrono Boost)  
  20  1:11  Probe (Chrono Boost)  
  20  1:14  Gateway  
  20  1:17  Probe  
  21  1:28  Cybernetics Core  
  21  1:29  Probe  
  22  1:34  Pylon  
  22  1:41  Probe  
  23  1:53  Probe  
  24  2:04  Stalker  
  24  2:05  Warp Gate, Probe, Sentry  
  29  2:12  Pylon  
  29  2:24  Pylon  
  29  2:30  Probe  
  29  2:31  Stalker  
  29  2:34  Stalker  
  34  2:56  Nexus  
  34  2:59  Probe  
  35  3:11  Probe  
  35  3:12  Shield Battery  
  36  3:15  Pylon  
  36  3:23  Shield Battery  
  36  3:25  Probe  
  37  3:38  Robotics Facility  
  37  3:40  Probe  
  38  3:52  Probe  
  38  3:54  Twilight Council  
  39  4:05  Probe (Chrono Boost)  
  39  4:08  Probe (Chrono Boost)  
  41  4:14  Sentry x2  
  41  4:16  Probe (Chrono Boost)  
  47  4:17  Probe (Chrono Boost)  
  47  4:21  Probe (Chrono Boost)  
  47  4:22  Probe (Chrono Boost)  
  48  4:25  Observer, Blink (Chrono Boost)  
  48  4:28  Assimilator  
  48  4:29  Probe  
  48  4:31  Probe  
  52  4:43  Probe  
  53  4:46  Immortal (Chrono Boost)  
  53  4:48  Stalker  
  53  4:52  Stalker  
  60  5:00  Probe  
  60  5:03  Pylon  
  61  5:14  Pylon  
  61  5:21  Shield Battery  
  61  5:23  Pylon  
  61  5:25  Stalker x2  
  65  5:32  Gateway  
  65  5:34  Gateway  
  65  5:35  Probe x2  
  67  5:40  Gateway  
  67  5:43  Gateway  
  67  5:48  Warp Prism  
  69  5:52  Pylon  
  69  6:00  Assimilator  
  69  6:04  Stalker x2  
  69  6:08  Probe x2  
  75  6:12  Pylon  
  75  6:27  Stalker x2  
  75  6:29  Stalker x2  
  83  6:37  Dark Shrine  
  83  6:56  Stalker  
  83  6:57  Stalker x5  
  83  7:01  Pylon  
  87  7:24  Stalker x5  
  87  7:25  Stalker  
  75  7:47  Stalker x4  
  75  7:48  Stalker  
  75  7:49  Stalker  
  77  8:09  Dark Templar  
  77  8:10  Zealot x2, Dark Templar x2  
  85  8:14  Stalker  
  81  8:35  Stalker x2  
  81  8:36  Zealot x2, Stalker  

Tags
 
Add a new tag
Caveats
  • Supply blocks, unpowered buildings, or Contaminate may cause inaccurate times.
  • Supply counts are checked every 10 seconds.